[Event "FIDE WYCC Open U14 2023"]
[Site "Montesilvano"]
[Date "2023.11.22"]
[Round "9.1"]
[White "Ermitsch, Magnus"]
[Black "Cieslak, Patryk"]
[Result "1-0"]
[ECO "C07"]
[WhiteElo "2206"]
[BlackElo "2284"]
[Annotator "RC"]
[PlyCount "163"]
[EventDate "2023.11.13"]
[EventType "swiss"]
[EventCountry "ITA"]
[SourceTitle "playchess.com"]
[Source "ChessBase"]
[SourceQuality "1"]
[TimeControl "40/5400+30:1800+30"]

1. e4 e6 2. d4 d5 3. Nd2 c5 4. Ngf3 cxd4 5. Nxd4 Nf6 6. exd5 Nxd5 7. N2f3 Bb4+ 8. Bd2 O-O 9. Bxb4 Nxb4 10. Qd2 Qb6 11. c3 N4c6 12. Nb3 Rd8 13. Bd3 a5 14. Qc2 h6 15. O-O a4 16. Nbd2 Nd7 17. Nc4 Qc5 18. b4 axb3 19. axb3 Rxa1 20. Rxa1 Ne7 21. b4 Qc7 22. Ne3 Nf6 23. Nd4 Bd7 24. c4 Nc6 25. Nxc6 Bxc6 26. b5 Be8 27. Be2 Rc8 28. Bf3 Nd7 29. Rd1 Nc5 30. Qd2 Qf4 31. Qa5 Qb8 32. Qb6 Rc7 33. g3 Qc8 34. Ra1 Nd7 35. Qd6 Qb8 36. Ra8 Qxa8 37. Qxc7 Qa1+ 38. Kg2 Qa7 39. Bc6 Nf6 40. Bxb7 Nd7 41. Qc8 Kf8 42. Bc6 Ke7 43. c5 Qxc5 44. Bxd7 Qxc8 45. Bxc8 Bxb5 46. Bb7 f5 47. Nc2 e5 48. Ne3 Bd3 49. Kf3 Kf6 50. Nd5+ Ke6 51. Ke3 Bc2 52. Nb4 Bb3 53. Bc8+ Kf6 54. Nd3 Bc2 55. Nc5 g5 56. Kd2 Bb1 57. Nd7+ Ke6 58. Nb6+ Kf7 59. Nd5 f4 60. g4 Be4 61. Nc3 Bf3 62. Ne2 Kf6 63. Bf5 h5 64. h3 Bg2 65. Ng1 e4 66. Bc8 h4 67. Bf5 Ke5 68. f3 e3+ 69. Kc3 Bf1 70. Bd3 Bg2 71. Kc4 Bh1 72. Bf1 Ke6 73. Kd4 Kd6 74. Ke4 Ke6 75. Bc4+ Kf6 76. Kd5 Bg2 77. Be2 Kf7 78. Ke5 Kg6 79. Ke6 Kg7 80. Kf5 Kh6 81. Kf6 Bh1 82. Bf1 1-0

[Event "FIDE WYCC Open U14 2023"]
[Site "Montesilvano"]
[Date "2023.11.22"]
[Round "9.2"]
[White "Kozlovic, Jernej"]
[Black "Banh Gia Huy"]
[Result "0-1"]
[ECO "C02"]
[WhiteElo "2263"]
[BlackElo "2397"]
[Annotator "RC"]
[PlyCount "142"]
[EventDate "2023.11.13"]
[EventType "swiss"]
[EventCountry "ITA"]
[SourceTitle "playchess.com"]
[Source "ChessBase"]
[SourceQuality "1"]
[TimeControl "40/5400+30:1800+30"]

1. e4 e6 2. d4 d5 3. e5 c5 4. c3 Qb6 5. Nf3 Bd7 6. Bd3 Bb5 7. dxc5 Bxc5 8. b4 Bxd3 9. Qxd3 Bf8 10. O-O Nc6 11. Be3 Qc7 12. Na3 a6 13. c4 Nxb4 14. Qb3 Nh6 15. Rac1 Qd7 16. Bd2 a5 17. Rfd1 Nf5 18. g4 Ne7 19. Nb5 Nec6 20. Bxb4 Bxb4 21. a3 a4 22. Qd3 Be7 23. h3 O-O 24. cxd5 exd5 25. Qxd5 Qxd5 26. Rxd5 Rfd8 27. Rxd8+ Rxd8 28. Rc4 Rd3 29. Nfd4 Nxe5 30. Rxa4 Rxh3 31. Ra7 g6 32. Rxb7 Bxa3 33. f3 Nxf3+ 34. Kg2 Ng5 35. Rd7 h6 36. Rc7 Rd3 37. Rc3 Rd2+ 38. Kf1 Bb2 39. Rc8+ Kg7 40. Ne2 Be5 41. Na3 Rd1+ 42. Kg2 Ne6 43. Rc2 Rd3 44. Nc4 Nf4+ 45. Kf2 Bd4+ 46. Nxd4 Rxd4 47. Ne5 Re4 48. Nc4 Nd3+ 49. Kg3 Ne5 50. Nxe5 Rxe5 51. Kf4 Rb5 52. Rc6 h5 53. gxh5 Rxh5 54. Rc7 Rf5+ 55. Kg4 Rf1 56. Ra7 Kh6 57. Ra8 f5+ 58. Kh4 Rh1+ 59. Kg3 Kg5 60. Ra5 Rb1 61. Ra3 Rb5 62. Rf3 f4+ 63. Rxf4 Rb3+ 64. Rf3 Rxf3+ 65. Kxf3 Kh4 66. Kg2 Kg4 67. Kh2 Kf3 68. Kh3 g5 69. Kh2 g4 70. Kh1 g3 71. Kg1 g2 0-1

[Event "FIDE WYCC Open U14 2023"]
[Site "Montesilvano"]
[Date "2023.11.22"]
[Round "9.3"]
[White "Arca, Christian Gian Karlo"]
[Black "Akhmedov, David"]
[Result "0-1"]
[ECO "A45"]
[WhiteElo "2347"]
[BlackElo "2240"]
[Annotator "RC"]
[PlyCount "61"]
[EventDate "2023.11.13"]
[EventType "swiss"]
[EventCountry "ITA"]
[SourceTitle "playchess.com"]
[Source "ChessBase"]
[SourceQuality "1"]
[TimeControl "40/5400+30:1800+30"]

1. d4 Nf6 2. Bf4 d5 3. e3 c5 4. dxc5 e6 5. Nf3 Bxc5 6. Bd3 O-O 7. O-O a6 8. Nbd2 Nbd7 9. a3 Be7 10. h3 Nc5 11. b4 Nxd3 12. cxd3 a5 13. Qa4 Bd7 14. b5 Qb6 15. Rab1 Rfc8 16. Nd4 Be8 17. N2b3 Nd7 18. e4 e5 19. Nf5 Qd8 20. exd5 exf4 21. Qxf4 Bf8 22. Rfe1 Qf6 23. Nd2 g6 24. Nh6+ Kg7 25. Qg3 Kxh6 26. Ne4 Qf5 27. Re3 Kg7 28. d6 Qe5 29. f4 Qd4 30. f5 Nf6 31. Rf1 0-1

[Event "FIDE WYCC Open U14 2023"]
[Site "Montesilvano"]
[Date "2023.11.22"]
[Round "9.4"]
[White "Daakshin Arun"]
[Black "Bharadia Yash"]
[Result "0-1"]
[ECO "E47"]
[WhiteElo "2342"]
[BlackElo "2071"]
[Annotator "RC"]
[PlyCount "134"]
[EventDate "2023.11.13"]
[EventType "swiss"]
[EventCountry "ITA"]
[SourceTitle "playchess.com"]
[Source "ChessBase"]
[SourceQuality "1"]
[TimeControl "40/5400+30:1800+30"]

1. d4 Nf6 2. c4 e6 3. Nc3 Bb4 4. e3 O-O 5. Bd3 c5 6. Nge2 cxd4 7. exd4 d5 8. cxd5 Qxd5 9. O-O Qh5 10. Ne4 Nbd7 11. Bf4 Nd5 12. Qb3 N7b6 13. N2g3 Qg6 14. Be5 Qh6 15. Nc5 Rd8 16. Nge4 f6 17. Bc7 Nxc7 18. Qxb4 Nbd5 19. Qa3 b6 20. Na6 Bxa6 21. Bxa6 Nxa6 22. Qxa6 Qf4 23. Rfe1 f5 24. g3 Qg4 25. h3 Qh5 26. Nc3 Qxh3 27. Nxd5 Rxd5 28. Rxe6 f4 29. Qe2 fxg3 30. Re8+ Kf7 31. Qe7+ Kg6 32. Qe4+ Kh6 33. Qe3+ Rg5 34. Qe6+ Qxe6 35. Rxe6+ g6 36. fxg3 Rxg3+ 37. Kf2 Rh3 38. Kg2 Rh5 39. Re7 a5 40. Rf1 Rc8 41. Rff7 Rc2+ 42. Kg3 Rd5 43. Rxh7+ Kg5 44. Kf3 Rxb2 45. Ke4 Rf5 46. Rb7 b5 47. Rhg7 b4 48. Rb6 Rf6 49. Rb5+ Kh6 50. Ra7 Rxa2 51. Raxa5 Rxa5 52. Rxa5 Rb6 53. Ra2 Kg7 54. Kd5 b3 55. Rb2 Kf6 56. Kc5 Rb8 57. Kc6 Ke7 58. Re2+ Kd8 59. Rh2 Rb4 60. d5 b2 61. Rh8+ Ke7 62. d6+ Kf7 63. d7 b1=Q 64. Rf8+ Ke6 65. Rf6+ Ke5 66. d8=Q Qc2+ 67. Kd7 Rd4+ 0-1

[Event "FIDE WYCC Open U14 2023"]
[Site "Montesilvano"]
[Date "2023.11.22"]
[Round "9.5"]
[White "Dotzer, Lukas"]
[Black "Mamedov, Edgar"]
[Result "0-1"]
[ECO "B34"]
[WhiteElo "2339"]
[BlackElo "2234"]
[Annotator "RC"]
[PlyCount "130"]
[EventDate "2023.11.13"]
[EventType "swiss"]
[EventCountry "ITA"]
[SourceTitle "playchess.com"]
[Source "ChessBase"]
[SourceQuality "1"]
[TimeControl "40/5400+30:1800+30"]

1. e4 c5 2. Nf3 Nc6 3. d4 cxd4 4. Nxd4 Nf6 5. Nc3 e5 6. Ndb5 d6 7. Nd5 Nxd5 8. exd5 Nb8 9. a4 Be7 10. Bd2 Nd7 11. a5 Nf6 12. Be3 O-O 13. Bxa7 Nd7 14. Be2 f5 15. O-O e4 16. f4 exf3 17. Bxf3 Bf6 18. Bd4 Rxa5 19. Rxa5 Qxa5 20. Nxd6 Ne5 21. Kh1 Nxf3 22. Bxf6 Rxf6 23. Nxc8 Ng5 24. Ne7+ Kf8 25. Nxf5 Qb5 26. Qa1 Ne4 27. c4 Qb4 28. Qa8+ Kf7 29. Qh8 Nf2+ 30. Kg1 Rxf5 31. Qd8 Qc5 32. Qd7+ Kg6 33. Qe8+ Kh6 34. Qe6+ Rf6 35. Qxf6+ gxf6 36. Rxf2 Kg6 37. b3 Qb6 38. g3 Qxb3 39. Rf4 b5 40. cxb5 Qxd5 41. b6 Qc5+ 42. Kg2 Qc6+ 43. Kg1 Qxb6+ 44. Kg2 h5 45. h4 Qe3 46. Rf3 Qe2+ 47. Rf2 Qe4+ 48. Rf3 f5 49. Kf2 Kf6 50. Rf4 Qc2+ 51. Kg1 Ke5 52. Rf2 Qd1+ 53. Kg2 Ke4 54. Rf4+ Ke3 55. Rf2 Qd5+ 56. Kg1 Qf3 57. Rg2 Qg4 58. Kh2 Kf3 59. Rg1 Qd4 60. Rf1+ Qf2+ 61. Rxf2+ Kxf2 62. Kh3 Kg1 63. g4 fxg4+ 64. Kg3 Kh1 65. Kf4 Kh2 0-1

[Event "FIDE WYCC Open U14 2023"]
[Site "Montesilvano"]
[Date "2023.11.22"]
[Round "9.6"]
[White "Tabuenca Mendataurigoitia, Daniel"]
[Black "Haug, Havard"]
[Result "0-1"]
[ECO "B12"]
[WhiteElo "2383"]
[BlackElo "2223"]
[Annotator "RC"]
[PlyCount "154"]
[EventDate "2023.11.13"]
[EventType "swiss"]
[EventCountry "ITA"]
[SourceTitle "playchess.com"]
[Source "ChessBase"]
[SourceQuality "1"]
[TimeControl "40/5400+30:1800+30"]

1. e4 c6 2. d4 d5 3. e5 c5 4. Nf3 Bg4 5. dxc5 Nc6 6. c3 e6 7. Be3 a6 8. Nbd2 Nxe5 9. Be2 Nc6 10. h3 Bh5 11. O-O Nf6 12. b4 Be7 13. Qb3 O-O 14. Rfe1 Qc7 15. Rad1 Rad8 16. Bg5 Bg6 17. a3 h6 18. Bxf6 Bxf6 19. c4 Ne7 20. Bd3 dxc4 21. Nxc4 Bxd3 22. Rxd3 Rxd3 23. Qxd3 Rd8 24. Qe2 Nd5 25. g3 g6 26. Nfd2 b6 27. cxb6 Nxb6 28. Ne3 Qc6 29. Ng4 Bg7 30. Nf3 Nd5 31. Nfe5 Qc7 32. Nd3 Qc3 33. Nge5 Re8 34. Nc5 Qxa3 35. Ned3 Nxb4 36. Nxb4 Qxb4 37. Nxa6 Qb6 38. Qc4 Bf8 39. Ra1 Rd8 40. Qc7 Qb2 41. Rf1 Rd2 42. Nb8 Qf6 43. Qc8 Qd8 44. Qxd8 Rxd8 45. Nc6 Rd2 46. Rc1 Bd6 47. Na5 Ra2 48. Nb3 Be5 49. Rd1 Bc7 50. Rd2 Rxd2 51. Nxd2 Kg7 52. Kg2 f5 53. f4 Kf6 54. Kf3 g5 55. Nc4 h5 56. h4 gxh4 57. gxh4 Bd8 58. Ne5 Kg7 59. Kg3 Ba5 60. Nf3 Kf6 61. Kf2 Bc7 62. Ke3 Bb6+ 63. Ke2 Ke7 64. Ng5 Kd6 65. Kf3 Ba5 66. Kf2 Kd5 67. Nh7 Bd8 68. Kg3 Be7 69. Ng5 Bb4 70. Nh7 Be7 71. Kh3 e5 72. fxe5 Kxe5 73. Kg3 f4+ 74. Kf3 Kf5 75. Kg2 Kg4 76. Kf2 Bxh4+ 77. Kg2 Be7 0-1

[Event "FIDE WYCC Open U14 2023"]
[Site "Montesilvano"]
[Date "2023.11.22"]
[Round "9.7"]
[White "Uskov, Artem"]
[Black "Rustamov, Rustam"]
[Result "1/2-1/2"]
[ECO "A05"]
[WhiteElo "2380"]
[BlackElo "2229"]
[Annotator "RC"]
[PlyCount "81"]
[EventDate "2023.11.13"]
[EventType "swiss"]
[EventCountry "ITA"]
[SourceTitle "playchess.com"]
[Source "ChessBase"]
[SourceQuality "1"]
[TimeControl "40/5400+30:1800+30"]

1. Nf3 Nf6 2. g3 d5 3. Bg2 c5 4. O-O e6 5. c4 Nc6 6. d4 cxd4 7. cxd5 exd5 8. Nxd4 Be7 9. Nc3 O-O 10. Be3 Be6 11. h3 a6 12. Qd2 Rc8 13. Nxc6 bxc6 14. Rfd1 Qd6 15. Rac1 Qb4 16. b3 Nd7 17. Qc2 Nc5 18. Bd4 Rfd8 19. Kh2 Bf8 20. e4 dxe4 21. Bxc5 Qxc5 22. Rxd8 Rxd8 23. Nxe4 Qf5 24. Qe2 Rd4 25. Qe3 c5 26. Kg1 h5 27. h4 Be7 28. Re1 a5 29. Qe2 g6 30. Qb5 c4 31. Qe8+ Bf8 32. bxc4 Kg7 33. Qb8 Bb4 34. Re3 Bxc4 35. a3 Be7 36. Kh2 Rd3 37. Qc7 Rxe3 38. fxe3 Qe6 39. Qxa5 Bf1 40. Qc3+ Kg8 41. Bxf1 1/2-1/2

[Event "FIDE WYCC Open U14 2023"]
[Site "Montesilvano"]
[Date "2023.11.22"]
[Round "9.8"]
[White "Brattgjerd, Isak Vinh"]
[Black "Agasarov, Benik"]
[Result "0-1"]
[ECO "C84"]
[WhiteElo "2235"]
[BlackElo "2360"]
[Annotator "RC"]
[PlyCount "75"]
[EventDate "2023.11.13"]
[EventType "swiss"]
[EventCountry "ITA"]
[SourceTitle "playchess.com"]
[Source "ChessBase"]
[SourceQuality "1"]
[TimeControl "40/5400+30:1800+30"]

1. e4 e5 2. Nf3 Nc6 3. Bb5 a6 4. Ba4 Nf6 5. O-O Be7 6. d3 b5 7. Bb3 d6 8. a4 Bd7 9. Nbd2 Na5 10. Ba2 bxa4 11. c3 c5 12. Re1 O-O 13. h3 Rb8 14. Nf1 Nb3 15. Bxb3 Rxb3 16. Ng3 g6 17. Bh6 Re8 18. Qc1 Bf8 19. Bxf8 Rxf8 20. Nd2 Rb7 21. Ndf1 Ne8 22. Re2 Qh4 23. Nd2 Ng7 24. Nc4 Qe7 25. Ne3 f5 26. Nd5 Qh4 27. Nf1 Bc6 28. f3 Bxd5 29. exd5 Nh5 30. Rd2 Nf4 31. Qd1 Rfb8 32. Rxa4 Rxb2 33. g3 Rxd2 34. Qxd2 Nxh3+ 35. Kh2 Qxa4 36. Kxh3 Qa1 37. Nh2 f4 38. gxf4 0-1

[Event "FIDE WYCC Open U14 2023"]
[Site "Montesilvano"]
[Date "2023.11.22"]
[Round "9.9"]
[White "Dhruva Thota"]
[Black "Goh, Zi Han"]
[Result "1-0"]
[ECO "B96"]
[WhiteElo "2192"]
[BlackElo "2333"]
[Annotator "RC"]
[PlyCount "77"]
[EventDate "2023.11.13"]
[EventType "swiss"]
[EventCountry "ITA"]
[SourceTitle "playchess.com"]
[Source "ChessBase"]
[SourceQuality "1"]
[TimeControl "40/5400+30:1800+30"]

1. e4 c5 2. Nf3 d6 3. d4 cxd4 4. Nxd4 Nf6 5. Nc3 a6 6. Bg5 e6 7. f4 Qc7 8. Bxf6 gxf6 9. Qf3 b5 10. a3 Bb7 11. Be2 h5 12. Qh3 Nd7 13. Bxh5 O-O-O 14. O-O-O Bh6 15. Rhf1 Qc5 16. g4 Nb6 17. Kb1 Qc7 18. g5 Bg7 19. g6 Qc5 20. f5 e5 21. Nb3 Qc7 22. Na5 Rh6 23. gxf7 Qxf7 24. Qe3 Rxh5 25. Qxb6 Qc7 26. Qxc7+ Kxc7 27. Rg1 Rd7 28. Nxb7 Kxb7 29. Rg2 Bh6 30. Rd3 Bg5 31. a4 bxa4 32. Nxa4 Kc6 33. Nc3 Rdh7 34. Nd5 Rxh2 35. Rgg3 Rb7 36. Ra3 Re2 37. Rac3+ Kd7 38. Rh3 Re1+ 39. Ka2 1-0

[Event "FIDE WYCC Open U14 2023"]
[Site "Montesilvano"]
[Date "2023.11.22"]
[Round "9.10"]
[White "Perossa, Nicolas"]
[Black "Myagmarsuren, Evsuld"]
[Result "1-0"]
[ECO "B53"]
[WhiteElo "2330"]
[BlackElo "2150"]
[Annotator "RC"]
[PlyCount "49"]
[EventDate "2023.11.13"]
[EventType "swiss"]
[EventCountry "ITA"]
[SourceTitle "playchess.com"]
[Source "ChessBase"]
[SourceQuality "1"]
[TimeControl "40/5400+30:1800+30"]

1. e4 c5 2. Nf3 d6 3. d4 cxd4 4. Qxd4 Nc6 5. Bb5 Bd7 6. Bxc6 Bxc6 7. Nc3 Nf6 8. Bg5 e6 9. Qd3 Be7 10. O-O-O O-O 11. Nd4 Qa5 12. f4 h6 13. h4 Rfc8 14. Kb1 b5 15. e5 b4 16. Nb3 Qb6 17. exf6 bxc3 18. fxe7 cxb2 19. f5 Bxg2 20. Rhg1 Qc6 21. Nd4 Qd5 22. Qd2 Be4 23. Bf6 g5 24. Rxg5+ hxg5 25. Qxg5+ 1-0

[Event "FIDE WYCC Open U14 2023"]
[Site "Montesilvano"]
[Date "2023.11.22"]
[Round "9.11"]
[White "Lissillour, Baptiste"]
[Black "Daaevik Wadhawan"]
[Result "0-1"]
[ECO "D85"]
[WhiteElo "2298"]
[BlackElo "1810"]
[Annotator "RC"]
[PlyCount "74"]
[EventDate "2023.11.13"]
[EventType "swiss"]
[EventCountry "ITA"]
[SourceTitle "playchess.com"]
[Source "ChessBase"]
[SourceQuality "1"]
[TimeControl "40/5400+30:1800+30"]

1. d4 Nf6 2. c4 g6 3. Nc3 d5 4. cxd5 Nxd5 5. e4 Nxc3 6. bxc3 Bg7 7. Nf3 c5 8. Be3 Qa5 9. Qd2 O-O 10. Rb1 Nd7 11. Bd3 Rd8 12. Rb5 Qc7 13. Bf4 e5 14. Bh6 Bh8 15. d5 a6 16. Rb1 c4 17. Bc2 Nc5 18. h4 Rd6 19. h5 Bg4 20. Ng5 gxh5 21. Nh3 Rg6 22. f3 Bd7 23. Be3 b5 24. Kf1 Bf6 25. Qf2 Rc8 26. f4 Bg4 27. Qd2 Nd3 28. f5 Rg7 29. Bxd3 cxd3 30. Qxd3 Kh8 31. Nf2 Qxc3 32. Bd2 Qxd3+ 33. Nxd3 Rc2 34. Bb4 Be2+ 35. Ke1 Bxd3 36. Rd1 Re2+ 37. Kf1 Bc4 0-1

[Event "FIDE WYCC Open U14 2023"]
[Site "Montesilvano"]
[Date "2023.11.22"]
[Round "9.12"]
[White "Ljepic, Andrej"]
[Black "Coicev, Matei-Andrei"]
[Result "1/2-1/2"]
[ECO "B10"]
[WhiteElo "2236"]
[BlackElo "2006"]
[Annotator "RC"]
[PlyCount "125"]
[EventDate "2023.11.13"]
[EventType "swiss"]
[EventCountry "ITA"]
[SourceTitle "playchess.com"]
[Source "ChessBase"]
[SourceQuality "1"]
[TimeControl "40/5400+30:1800+30"]

1. e4 c6 2. Nc3 d5 3. d3 dxe4 4. Nxe4 Nf6 5. Qe2 Nxe4 6. dxe4 e5 7. Nf3 Qc7 8. c3 f6 9. Be3 Be6 10. g3 Nd7 11. Bg2 Bc5 12. Bd2 Nb6 13. b3 a5 14. O-O O-O 15. Ne1 Be7 16. Nd3 Nd7 17. Be3 b5 18. Bf3 a4 19. Bg4 Bf7 20. Qc2 Rfd8 21. b4 Nb6 22. Rfd1 Nc4 23. Bc5 Nd6 24. f3 Nb7 25. Be3 c5 26. Qf2 cxb4 27. cxb4 Ra6 28. f4 Rad6 29. Be2 Bc4 30. Qf1 Qd7 31. Nf2 Bxe2 32. Qxe2 exf4 33. gxf4 Qe6 34. Rdc1 Rc6 35. Qxb5 Rxc1+ 36. Rxc1 Nd6 37. Qa6 Qxa2 38. Qa7 Bf8 39. Qd4 Nf7 40. Qc3 Qb3 41. Qxb3 axb3 42. Rb1 Bxb4 43. Rxb3 Bd2 44. Kg2 Bxe3 45. Rxe3 Re8 46. Kf3 Nd8 47. Ra3 Ne6 48. Ke3 Rd8 49. h4 Rc8 50. Nd3 Rc4 51. Ra8+ Kf7 52. f5 Nc7 53. Ra7 Ke7 54. Nf4 Kd6 55. Nh5 g6 56. fxg6 hxg6 57. Nxf6 Rc3+ 58. Kf4 Ne6+ 59. Kg4 Ke5 60. Nh7 Kxe4 61. Ra5 Rc4 62. Ng5+ Ke3+ 63. Kg3 1/2-1/2

[Event "FIDE WYCC Open U14 2023"]
[Site "Montesilvano"]
[Date "2023.11.22"]
[Round "9.13"]
[White "Katsanis, Vasileios Dim"]
[Black "Nurgaliyev, Sauat"]
[Result "1-0"]
[ECO "A41"]
[WhiteElo "2173"]
[BlackElo "2235"]
[Annotator "RC"]
[PlyCount "99"]
[EventDate "2023.11.13"]
[EventType "swiss"]
[EventCountry "ITA"]
[SourceTitle "playchess.com"]
[Source "ChessBase"]
[SourceQuality "1"]
[TimeControl "40/5400+30:1800+30"]

1. d4 d6 2. Nf3 Nf6 3. c4 Bf5 4. Nc3 g6 5. e3 Bg7 6. Bd3 Bxd3 7. Qxd3 O-O 8. O-O Nbd7 9. e4 e5 10. d5 a5 11. Bd2 Nh5 12. g3 Nc5 13. Qe2 f5 14. Kg2 Qd7 15. Ne1 fxe4 16. Nxe4 Nxe4 17. Qxe4 Nf6 18. Qe2 Qf5 19. Bc3 Ne4 20. Rc1 c6 21. f3 Nxc3 22. Rxc3 cxd5 23. cxd5 e4 24. Rc2 exf3+ 25. Qxf3 Qxc2+ 26. Nxc2 Rxf3 27. Kxf3 Rf8+ 28. Ke2 Re8+ 29. Kd3 a4 30. Rf4 Ra8 31. Rb4 Ra5 32. Ne3 a3 33. b3 b5 34. Nc2 g5 35. Nd4 Bxd4 36. Rxd4 Kf7 37. Kc3 Ra8 38. Kb4 Rc8 39. Rd2 Rc5 40. Kxa3 Ke7 41. Kb4 Kd7 42. Ka5 Kc7 43. b4 Rc3 44. Kxb5 Ra3 45. Rf2 g4 46. Rf7+ Kc8 47. Rxh7 Rxa2 48. Rg7 Rxh2 49. Kc6 Rc2+ 50. Kxd6 1-0

[Event "FIDE WYCC Open U14 2023"]
[Site "Montesilvano"]
[Date "2023.11.22"]
[Round "9.14"]
[White "Matyassy, Lazar"]
[Black "Artemov, Andriy"]
[Result "1/2-1/2"]
[ECO "D00"]
[WhiteElo "2281"]
[BlackElo "1779"]
[Annotator "RC"]
[PlyCount "118"]
[EventDate "2023.11.13"]
[EventType "swiss"]
[EventCountry "ITA"]
[SourceTitle "playchess.com"]
[Source "ChessBase"]
[SourceQuality "1"]
[TimeControl "40/5400+30:1800+30"]

1. d4 d5 2. Bf4 Nf6 3. Nc3 c5 4. e3 cxd4 5. exd4 a6 6. Nf3 Nc6 7. Ne5 e6 8. Be2 Be7 9. O-O Nd7 10. Re1 Ndxe5 11. dxe5 Bg5 12. Qd2 Bxf4 13. Qxf4 O-O 14. Bd3 f6 15. Qh4 g6 16. exf6 Qxf6 17. Qxf6 Rxf6 18. Na4 b5 19. Nc5 e5 20. Rad1 Kf7 21. Be2 Be6 22. Bf3 e4 23. Be2 Ne5 24. c3 Rf8 25. Bf1 Rf5 26. Rd2 Ke7 27. Nxa6 Rg5 28. Be2 Bh3 29. g3 Rgf5 30. Nb4 Rxf2 31. Nxd5+ Ke6 32. Nf4+ R8xf4 33. gxf4 Rg2+ 34. Kh1 Nf3 35. Bxf3 Rxd2 36. Bxe4 Kf6 37. b4 Rxa2 38. Kg1 h5 39. Re3 Bd7 40. Rd3 Be6 41. Rd6 Ke7 42. Rc6 h4 43. Rc5 Re2 44. Bxg6 h3 45. Rg5 Re1+ 46. Kf2 Rh1 47. Kg3 Rc1 48. Rc5 Rg1+ 49. Kh4 Rg4+ 50. Kh5 Rxf4 51. Rxb5 Kf6 52. Rg5 Rf2 53. Rg3 Rxh2 54. Rf3+ Kg7 55. Bf5 Bxf5 56. Rxf5 Rc2 57. Rf3 h2 58. Rh3 Rxc3 59. Rxh2 Rb3 1/2-1/2

[Event "FIDE WYCC Open U14 2023"]
[Site "Montesilvano"]
[Date "2023.11.22"]
[Round "9.15"]
[White "Bolat, Inayat"]
[Black "George Micheal, Kevin"]
[Result "1-0"]
[ECO "B47"]
[WhiteElo "2088"]
[BlackElo "2317"]
[Annotator "RC"]
[PlyCount "103"]
[EventDate "2023.11.13"]
[EventType "swiss"]
[EventCountry "ITA"]
[SourceTitle "playchess.com"]
[Source "ChessBase"]
[SourceQuality "1"]
[TimeControl "40/5400+30:1800+30"]

1. e4 c5 2. Nf3 e6 3. d4 cxd4 4. Nxd4 Nc6 5. Nc3 Qc7 6. a3 a6 7. Be3 Nf6 8. f4 d6 9. Qf3 Be7 10. O-O-O O-O 11. Nb3 b5 12. g4 b4 13. axb4 Nxb4 14. g5 Nd7 15. h4 a5 16. Nd4 a4 17. Ncb5 Qb8 18. Bd2 a3 19. Bxb4 a2 20. Kd2 a1=Q 21. Rxa1 Rxa1 22. Nc6 Qb6 23. Nxe7+ Kh8 24. h5 Qd8 25. h6 Qxe7 26. hxg7+ Kxg7 27. Qh3 Rh8 28. Qc3+ e5 29. Nxd6 Qd8 30. Nf5+ Kg8 31. Be7 Nc5+ 32. Bxd8 Nxe4+ 33. Ke3 Nxc3 34. Nh6+ Kf8 35. bxc3 Bb7 36. Rg1 Ba6 37. Bf6 Rg8 38. Nxg8 Bxf1 39. Nh6 Re1+ 40. Kf2 Rc1 41. Rxf1 Rxc2+ 42. Kg3 Rxc3+ 43. Kg4 Rc2 44. Rd1 Rc8 45. fxe5 Ke8 46. Rd8+ Rxd8 47. Bxd8 Kxd8 48. Nxf7+ Ke7 49. Nd6 Ke6 50. Kh5 Kxe5 51. Kh6 Kf4 52. Nf7 1-0

[Event "FIDE WYCC Open U14 2023"]
[Site "Montesilvano"]
[Date "2023.11.22"]
[Round "9.16"]
[White "Balint, Peter"]
[Black "Kuziev, Miraziz"]
[Result "0-1"]
[ECO "C78"]
[WhiteElo "2256"]
[BlackElo "2053"]
[Annotator "RC"]
[PlyCount "80"]
[EventDate "2023.11.13"]
[EventType "swiss"]
[EventCountry "ITA"]
[SourceTitle "playchess.com"]
[Source "ChessBase"]
[SourceQuality "1"]
[TimeControl "40/5400+30:1800+30"]

1. e4 e5 2. Nf3 Nc6 3. Bb5 a6 4. Ba4 Nf6 5. O-O b5 6. Bb3 Bc5 7. c3 d6 8. d3 h6 9. a4 Rb8 10. Be3 Bxe3 11. fxe3 b4 12. Nbd2 O-O 13. Qe1 Na5 14. Bc2 Be6 15. h3 c6 16. Kh2 bxc3 17. bxc3 Rb2 18. Rc1 Nd7 19. Qg3 Qe7 20. Rf2 Ra2 21. d4 Rb8 22. Bb1 Rxa4 23. Nh4 Qg5 24. Nf5 Qxg3+ 25. Kxg3 Bxf5 26. exf5 d5 27. dxe5 Nxe5 28. e4 Ra1 29. Rcf1 Nac4 30. Bc2 Ra3 31. Nxc4 dxc4 32. Bd1 Rxc3+ 33. Kh2 Rc1 34. Rc2 Rbb1 35. Rd2 c3 36. Rd8+ Kh7 37. f6 gxf6 38. Rxf6 Rxd1 39. Re8 c2 40. Rxe5 Rf1 0-1

[Event "FIDE WYCC Open U14 2023"]
[Site "Montesilvano"]
[Date "2023.11.22"]
[Round "9.17"]
[White "Fan, Jingyi"]
[Black "Gkavardinas, Antonios"]
[Result "1/2-1/2"]
[ECO "D02"]
[WhiteElo "2035"]
[BlackElo "2230"]
[Annotator "RC"]
[PlyCount "110"]
[EventDate "2023.11.13"]
[EventType "swiss"]
[EventCountry "ITA"]
[SourceTitle "playchess.com"]
[Source "ChessBase"]
[SourceQuality "1"]
[TimeControl "40/5400+30:1800+30"]

1. d4 d5 2. Nf3 Nf6 3. Bf4 c5 4. e3 Nc6 5. Nbd2 Qb6 6. dxc5 Qxb2 7. Rb1 Qc3 8. Bb5 e6 9. O-O Be7 10. e4 O-O 11. e5 Nd7 12. Nb3 Qb4 13. Nfd4 Nxd4 14. Nxd4 Qxc5 15. Re1 a6 16. Bd3 g6 17. Nb3 Qc7 18. Qg4 Re8 19. Nd4 Bf8 20. h4 Bg7 21. h5 Nc5 22. hxg6 fxg6 23. g3 Re7 24. Qh4 Rf7 25. Kg2 Bd7 26. Nf3 Nxd3 27. cxd3 Rf5 28. Rec1 Bc6 29. Nd4 Rh5 30. Qg4 Re8 31. Nxc6 bxc6 32. d4 Rf5 33. Qe2 Qa7 34. Qb2 g5 35. Be3 Qf7 36. g4 Rf3 37. Qe2 Rf8 38. Rxc6 h5 39. Rh1 hxg4 40. Qc2 Rh3 41. Rxh3 gxh3+ 42. Kxh3 g4+ 43. Kh2 Qh5+ 44. Kg1 Rf3 45. Rc8+ Bf8 46. Qc6 Qf7 47. Bh6 Qg6 48. Rxf8+ Rxf8 49. Bxf8 Qb1+ 50. Kh2 Qh7+ 51. Kg1 Qb1+ 52. Kh2 Qh7+ 53. Kg2 Qe4+ 54. Kg1 Qe1+ 55. Kg2 Qe4+ 1/2-1/2

[Event "FIDE WYCC Open U14 2023"]
[Site "Montesilvano"]
[Date "2023.11.22"]
[Round "9.18"]
[White "Farias, David Nuno M E"]
[Black "Davudov, Tunar"]
[Result "0-1"]
[ECO "B41"]
[WhiteElo "2149"]
[BlackElo "2000"]
[Annotator "RC"]
[PlyCount "133"]
[EventDate "2023.11.13"]
[EventType "swiss"]
[EventCountry "ITA"]
[SourceTitle "playchess.com"]
[Source "ChessBase"]
[SourceQuality "1"]
[TimeControl "40/5400+30:1800+30"]

1. e4 c5 2. Nf3 e6 3. d4 cxd4 4. Nxd4 a6 5. c4 Nf6 6. Nc3 d6 7. Be2 Be7 8. O-O Qc7 9. Be3 Nbd7 10. Qd2 b6 11. f3 Bb7 12. Rfc1 O-O 13. a3 Rac8 14. b4 Rfe8 15. Rab1 Qb8 16. Kh1 h5 17. Na4 h4 18. Bf1 Qa8 19. Nb3 d5 20. cxd5 exd5 21. e5 Nxe5 22. Nxb6 Rxc1 23. Rxc1 Qb8 24. Nc5 d4 25. Bxd4 Nxf3 26. gxf3 Bxf3+ 27. Bg2 Bxg2+ 28. Qxg2 Qxb6 29. Rf1 Rd8 30. Bf2 Nd5 31. Rd1 Nc7 32. Rxd8+ Bxd8 33. Bd4 Bf6 34. Qe4 Nb5 35. Qe8+ Kh7 36. Qe4+ g6 37. Bxf6 Qxf6 38. Kg2 Nxa3 39. Nd7 Qb2+ 40. Kh3 Nc2 41. Qxh4+ Kg7 42. Qe7 Qc3+ 43. Kg2 Ne3+ 44. Kf2 Ng4+ 45. Ke2 Qc2+ 46. Kf3 Nxh2+ 47. Ke3 Ng4+ 48. Kd4 Qf5 49. Nc5 Qf4+ 50. Kd5 Nf6+ 51. Kc6 Qf3+ 52. Kd6 Qf4+ 53. Kc6 Qf3+ 54. Kd6 Qd5+ 55. Kc7 Qc4 56. Kd8 Qd4+ 57. Kc8 Qg4+ 58. Kd8 Qc4 59. Kc8 g5 60. Qe5 Kg6 61. Kc7 Qxb4 62. Kc6 g4 63. Qe3 Qb5+ 64. Kd6 Qb6+ 65. Ke5 Qxc5+ 66. Qxc5 Nd7+ 67. Kd4 0-1